 Dungeon Crawl Stone Soup version 0.30-a0-377-g5cb311bc9f (webtiles) character file.

Game seed: 5348747591324262072

50 DeathPants the Sneak (level 3, 0/18 HPs)
             Began as a Vine Stalker Enchanter on Nov 28, 2022.
             Succumbed to an adder's poison
             ... on level 2 of the Dungeon.
             The game lasted 00:04:43 (1264 turns).

DeathPants the Sneak (Vine Stalker Enchanter)       Turns: 1264, Time: 00:04:44

Health: 0/18       AC:  2    Str: 10    XL:     3   Next: 79%
Magic:  14/16      EV: 12    Int: 15    God:
Gold:   59         SH:  0    Dex: 16    Spells: 7/7 levels left

rFire   . . .      SeeInvis .    b - +2 rapier (freeze)
rCold   . . .      Faith    .    (no shield)
rNeg    . . .      Spirit   +    e - +0 robe
rPois   .          Reflect  .    (no helmet)
rElec   .          Harm     .    (no cloak)
rCorr   .          Rampage  .    (no gloves)
Will    .....                    (no boots)
Stlth   +++.......               (no amulet)
HPRegen 0.23/turn                k - ring of magical power
MPRegen 0.15/turn                (no ring)

@: lethally poisoned (0 -> -3), flying
A: fangs 2, magic shield, antimagic bite, no potion heal 2
a: no special abilities


You were on level 2 of the Dungeon.
You visited 1 branch of the dungeon, and saw 3 of its levels.

You collected 59 gold pieces.

Inventory:

Hand Weapons
 a - a +1 dagger
 b - a +2 rapier of freezing (weapon)
Missiles
 n - 6 poisoned darts (quivered)
Armour
 e - a +0 robe (worn)
Jewellery
 h - a ring of ice
 i - a ring of fire
 k - a ring of magical power (left hand)
Scrolls
 d - 2 scrolls of identify {unknown}
 f - a scroll of vulnerability {unknown}
 g - a scroll of enchant weapon {unknown}
 l - a scroll of noise {unknown}
 m - a scroll of fear {unknown}
 o - a scroll of amnesia {unknown}
Potions
 c - a potion of invisibility
 j - a potion of flight


   Skills:
 + Level 1.1 Fighting
 - Level 0.8 Short Blades
 + Level 2.0 Dodging
 + Level 4.1 Stealth
 + Level 2.6 Spellcasting
 + Level 3.3 Hexes


You had 7 spell levels left.
You didn't know any spells.
Your spell library contained the following spells:

 Spells                   Type           Power      Damage    Failure   Level
 Ensorcelled Hibernation  Hex/Ice        14%        N/A       16%         2
 Confusing Touch          Hex            12%        N/A       16%         3
 Tukima's Dance           Hex            12%        N/A       16%         3
 Dazzling Flash           Conj/Hex       14%        N/A       30%         3


Dungeon Overview and Level Annotations

Branches:
Dungeon (3/15)

Altars:


Innate Abilities, Weirdness & Mutations

You have extremely sharp teeth.
When hurt, damage is shared between your health and your magic reserves.
Your bite disrupts and absorbs the magic of your enemies.
Potions cannot restore your health.


Message History

Found 9 gold pieces.
You now have 59 gold pieces (gained 8).
An adder comes into view.
There is a stone staircase leading down here.
You see here 11 gold pieces.
A rat comes into view.
The adder hisses angrily.
The adder bites you.
You are poisoned.
The adder poisons you!
You miss the adder.
You feel sick. The adder bites you.
You are more poisoned.
The adder poisons you! The adder completely misses you.
You hit the adder.
The adder seems to slow down.
You freeze the adder. Your bite misses the adder.
The adder is moderately wounded.
You feel very sick. The adder bites you.
You are lethally poisoned!
The adder poisons you!
You hit the adder.
The adder seems to slow down.
You freeze the adder.
You kill the adder!
You feel very sick.
* * * LOW HITPOINT WARNING * * *
You feel sick.
It was a potion of flight.
You feel very buoyant.
You fly up into the air.
* * * LOW HITPOINT WARNING * * *
You feel sick. The rat closely misses you.
You hit the rat. You freeze the rat.
You kill the rat!
* * * LOW HITPOINT WARNING * * *
You feel sick.
Okay, then.
* * * LOW HITPOINT WARNING * * *
You feel sick.
* * * LOW HITPOINT WARNING * * *
You feel sick.
You die...

##### ...# ###
#.##############.. #
#>................
#.#######.................
##.........#.........##.#..
..........$..#.#..#..##.#..
###..........#.#..#..##.#..
......†...@.##.#..#..##...#
##....##.$......###..##.###
................+ ...##.#
.#.##...........# ##.##.# #
.............# #....#
####.......#### ###
#.......# #########


There were no monsters in sight!

Vanquished Creatures
  2 adders (D:2)
  5 bats
  2 endoplasms (D:1)
  2 giant cockroaches (D:1)
  4 goblins
  2 hobgoblins (D:1)
  A kobold (D:1)
  2 quokkas
  10 frilled lizards
  3 rats
33 creatures vanquished.

Vanquished Creatures (others)
  6 plants (D:1)
6 creatures vanquished.

Grand Total: 39 creatures vanquished

Notes
Turn   | Place    | Note
-------+----------+-------------------------------------------
     0 | D:1      | DeathPants the Vine Stalker Enchanter began the quest for
                  | the Orb.
     0 | D:1      | Reached XP level 1. HP: 9/9 MP: 4/4
   159 | D:1      | Reached XP level 2. HP: 14/14 MP: 6/6
   596 | D:1      | Reached skill level 4 in Stealth
   642 | D:1      | Reached XP level 3. HP: 17/17 MP: 7/7
  1110 | D:2      | Reached skill level 1 in Fighting
  1264 | D:2      | Succumbed to an adder's poison

Illustrated notes

Levels and vault maps discovered:
D:1:      spicycebolla_arrival_ecumenical, layout_loops_ring, minmay_lizard_king
D:2:      layout_basic, minmay_mini_jars
D:3:      layout_rooms, nicolae_grassy_gnolls

Skill      XL: |  1  2  3 |
---------------+----------+-----
Stealth        | 4 |  4.1
Fighting       | 1 |  1.1
Dodging        | 2 |  2.0
Short Blades   | |  0.8
Spellcasting   | |  2.6
Hexes          | |  3.3

Action                   || total
-------------------------++-------
Melee: Dagger            ||    85
       Bite              ||    12
       Rapier            ||     4
  Use: Potion            ||     3
 Stab: Sleeping          ||     9
       Invisible         ||     2
Armor: Robe              ||    14
Dodge: Dodged            ||    66

Table legend: (Time is in decaauts)
 A = Elapsed time spent in this place.
 B = Non-inter-level travel time spent in this place.
 C = Inter-level travel time spent in this place.
 D = Time resting spent in this place.
 E = Time spent auto-exploring this place.
 F = Levels seen in this place.
 G = Mean time per level.
                   A        B        C        D        E       F      G
               +--------+--------+--------+--------+--------+-----+--------+
         Total |   1261 |   1242 |     19 |      0 |    938 |   3 |  420.3 |
       Dungeon |   1261 |   1242 |     19 |      0 |    938 |   3 |  420.3 |
               +--------+--------+--------+--------+--------+-----+--------+

Top non-repeatable levels by time:
     D:1: 944 daAuts
     D:2: 315 daAuts
     D:3: 1 daAuts
